 Dungeon Crawl Stone Soup version 0.29-a0-284-gf9362112df (webtiles) character file.

Game seed: 11829167441094983912

259 garrulousMonolith the Chopper (level 6, -1/53 HPs)
             Began as a Hill Orc Monk on Mar 25, 2022.
             Splashed by a jelly's acid (9 damage)
             ... on level 4 of the Dungeon.
             The game lasted 00:04:14 (2696 turns).

garrulousMonolith the Chopper (Hill Orc Monk)       Turns: 2696, Time: 00:04:15

Health: -1/53      AC: -7    Str: 16      XL:     6   Next: 17%
Magic:  8/8        EV: 10    Int:  8 (10) God:
Gold:   190        SH:  0    Dex: 13      Spells: 5/5 levels left

rFire   . . .      SeeInvis .   v - +0 war axe
rCold   . . .      Faith    .   (no shield)
rNeg    . . .      Spirit   .   w - +0 scale mail
rPois   .          Reflect  .   (no helmet)
rElec   .          Harm     .   (no cloak)
rCorr   .          Rampage  .   (no gloves)
Will    +....      Rage     1%  (no boots)
Stlth   ..........              d - amulet of regeneration
HPRegen 0.97/turn               (no ring)
MPRegen 0.11/turn               (no ring)

@: corroded
A: iridescent scales 1, berserk 1, strong-willed 1, screaming 1
a: no special abilities


You were on level 4 of the Dungeon.
You visited 1 branch of the dungeon, and saw 4 of its levels.

You collected 190 gold pieces.

Inventory:

Hand Weapons
 a - a +0 hand axe
 h - a +0 short sword of venom
 q - a +2 dagger of venom
 v - a +0 war axe (weapon)
Missiles
 b - 5 boomerangs (quivered)
 f - 61 stones
Armour
 j - a +0 leather armour
 o - a +2 robe of fire resistance
 w - a +0 scale mail (worn)
Magical Staves
 i - a staff of fire
Jewellery
 d - an amulet of regeneration (around neck)
Scrolls
 e - 2 scrolls of teleportation
 g - a scroll of fog {unknown}
 k - a scroll of torment {unknown}
 l - a scroll of noise {unknown}
 p - a scroll of identify {unknown}
 r - a scroll of magic mapping {unknown}
 s - a scroll of immolation
 u - a scroll of enchant weapon {unknown}
Potions
 m - a potion of magic {unknown}
 n - a potion of degeneration
 t - a potion of brilliance


   Skills:
 + Level 4.5 Fighting
 * Level 6.1 Axes
 + Level 2.4 Armour
 + Level 3.1 Dodging
 - Level 1.5 Stealth
 + Level 2.8 Invocations


You had 5 spell levels left.
You didn't know any spells.
Your spell library contained the following spells:

 Spells                   Type           Power      Damage    Failure   Level
 Portal Projectile        Hex/Tloc       0%         N/A       99%         3
 Blade Hands              Tmut           0%         N/A       100%        5
 Excruciating Wounds      Necr           0%         N/A       100%        5


Dungeon Overview and Level Annotations

Branches:
Dungeon (4/15)
 Temple: D:4-7

Altars:


Innate Abilities, Weirdness & Mutations

You are partially covered in iridescent scales. (AC +2)
You tend to lose your temper in combat.
You are strong-willed. (Will+)
You occasionally shout uncontrollably at your foes.


Message History

You hit the jelly but do no damage. The acid corrodes you!
Your hands burn!
The jelly is heavily wounded.
The jelly hits you.
You are splashed with acid!
* * * LOW HITPOINT WARNING * * *
Okay, then.
Okay, then.
You aren't carrying any items that you can evoke.
Okay, then.
You are confused.
You feel invigorated. The jelly hits you. The acid corrodes you!
You are splashed with acid!
* * * LOW HITPOINT WARNING * * *
The jelly barely misses you.
You bump into the rock wall.
The jelly barely misses you. The jelly barely misses you.
You bump into the rock wall.
The jelly closely misses you.
You bump into the rock wall.
The jelly hits you.
You are splashed with acid!
Your +2 dagger of venom stops dripping with poison.
v - a +0 war axe (weapon)
You bump into the rock wall.
You feel less invigorated.
You feel less confused. The jelly barely misses you.
You hit the jelly.
Your hands burn!
The jelly is heavily wounded.
The jelly hits you.
You are splashed with acid.
You hit the jelly but do no damage.
Your hands burn!
* * * LOW HITPOINT WARNING * * *
The jelly is heavily wounded.
The jelly barely misses you.
You completely miss the jelly.
The jelly is heavily wounded.
The jelly barely misses you. The jelly hits you. The acid corrodes you!
You are splashed with acid!
* * * LOW HITPOINT WARNING * * *
You completely miss the jelly.
The jelly is heavily wounded.
The jelly hits you.
* * * LOW HITPOINT WARNING * * *
You are splashed with acid!
You die...

#.. >.# #.# #.# #.#
#.# #.# #.# #.#
###.### .#. #.#
#.....#
.....###.###.#.#.##...
.......@.............#
##.#.###J###.#<#.#....
#.# #.....# # #.#
###.### ... ..# ##.##
### ..# ..# ..#


You could see a jelly.

Vanquished Creatures
  Natasha (thrice) (D:3)
  2 orc wizards (D:3)
  4 adders
  3 gnolls (D:2)
  3 worms
  2 dart slugs
  6 orcs (D:3)
  6 ball pythons
  4 endoplasms
  4 giant cockroaches
  3 hobgoblins
  4 jackals (D:1)
  3 kobolds (D:1)
  3 bats
  4 frilled lizards
  7 goblins
  5 rats
66 creatures vanquished.

Notes
Turn   | Place    | Note
-------+----------+-------------------------------------------
     0 | D:1      | garrulousMonolith the Hill Orc Monk began the quest for the
                  | Orb.
     0 | D:1      | Reached XP level 1. HP: 19/19 MP: 1/1
   261 | D:1      | Reached XP level 2. HP: 15/27 MP: 2/2
   333 | D:1      | Found a faded altar of an unknown god.
   517 | D:1      | Reached skill level 1 in Invocations
   638 | D:1      | Reached XP level 3. HP: 31/33 MP: 3/3
   936 | D:2      | Reached skill level 1 in Armour
  1073 | D:2      | Reached skill level 5 in Axes
  1073 | D:2      | Reached XP level 4. HP: 33/40 MP: 5/5
  1856 | D:3      | Reached XP level 5. HP: 23/46 MP: 6/6
  1866 | D:3      | Gained mutation: Your magical capacity is low. (-10% MP)
                  | [potion of mutation]
  1866 | D:3      | Gained mutation: You are frail. (-10% HP) [potion of
                  | mutation]
  1866 | D:3      | Gained mutation: Armour fits poorly on your strangely
                  | shaped body. [potion of mutation]
  1875 | D:3      | HP: 2/41 [orc/+0 whip (3)]
  2203 | D:3      | Noticed Natasha
  2213 | D:3      | Killed Natasha
  2224 | D:3      | Noticed Natasha
  2232 | D:3      | Killed Natasha
  2233 | D:3      | Reached XP level 6. HP: 35/47 MP: 7/7
  2343 | D:3      | Reached skill level 6 in Axes
  2414 | D:3      | Noticed Natasha
  2423 | D:3      | Killed Natasha
  2453 | D:3      | Lost mutation: You are frail. (-10% HP) [potion of
                  | mutation]
  2453 | D:3      | Lost mutation: Your magical capacity is low. (-10% MP)
                  | [potion of mutation]
  2453 | D:3      | Lost mutation: Armour fits poorly on your strangely shaped
                  | body. [potion of mutation]
  2453 | D:3      | Gained mutation: You tend to lose your temper in combat.
                  | [potion of mutation]
  2453 | D:3      | Gained mutation: You occasionally shout uncontrollably at
                  | your foes. [potion of mutation]
  2453 | D:3      | Gained mutation: You are strong-willed. (Will+) [potion of
                  | mutation]
  2453 | D:3      | Gained mutation: You are partially covered in iridescent
                  | scales. (AC +2) [potion of mutation]
  2696 | D:4      | Splashed by a jelly's acid

Illustrated notes

Levels and vault maps discovered:
D:1:      matt_arrival_grand_opening, layout_basic,
          hellmonk_ecumenical_altar_run_dry
D:2:      layout_loops_ring
D:3:      layout_loops_ring, uniq_natasha
D:4:      layout_loops_ring, temple_pool_b, portal_sewer_entry_e,
          serial_park_tiny_2

Skill      XL: |  1  2  3  4  5  6 |
---------------+-------------------+-----
Invocations    | 1 2 |  2.8
Armour         | 1 2 |  2.4
Fighting       | 4 |  4.5
Axes           | 5 6 |  6.1
Dodging        | 3 |  3.1
Stealth        | |  1.5

Action                   |  1- 3 |  4- 6 || total
-------------------------+-------+-------++-------
Melee: Hand axe          |    13 |       ||    13
       Short sword       |    85 |   113 ||   198
       Punch             |       |     4 ||     4
       Dagger            |       |    23 ||    23
       War axe           |       |     4 ||     4
Throw: Stone             |    10 |       ||    10
       Boomerang         |     2 |     5 ||     7
  Use: Scroll            |     1 |     1 ||     2
       Potion            |       |     8 ||     8
 Stab: Sleeping          |     5 |     4 ||     9
Armor: Robe              |    16 |    19 ||    35
       Scale mail        |       |     2 ||     2
Dodge: Dodged            |    58 |    80 ||   138

Table legend: (Time is in decaauts)
 A = Elapsed time spent in this place.
 B = Non-inter-level travel time spent in this place.
 C = Inter-level travel time spent in this place.
 D = Time resting spent in this place.
 E = Time spent auto-exploring this place.
 F = Levels seen in this place.
 G = Mean time per level.
                   A        B        C        D        E       F      G
               +--------+--------+--------+--------+--------+-----+--------+
         Total |   2719 |   2627 |     92 |    215 |   1760 |   4 |  679.8 |
       Dungeon |   2719 |   2627 |     92 |    215 |   1760 |   4 |  679.8 |
               +--------+--------+--------+--------+--------+-----+--------+

Top non-repeatable levels by time:
     D:2: 981 daAuts
     D:3: 878 daAuts
     D:1: 828 daAuts
     D:4: 30 daAuts
